 Dungeon Crawl Stone Soup version 0.18.1-50-g88ac8fd (webtiles) character file.

749 grisgris the Insei (level 7, 0/56 HPs)
             Began as a Merfolk Monk on Nov 17, 2016.
             Succumbed to a wasp's poison
             ... on level 5 of the Dungeon.
             The game lasted 00:10:10 (4398 turns).

grisgris the Insei (Merfolk Monk)                   Turns: 4398, Time: 00:10:11

Health: 0/56       AC: 10    Str: 13    XL:     7   Next: 77%
Magic:  7/7        EV:  8    Int:  9    God:
Gold:   188        SH:  0    Dex: 17    Spells: 0 memorised, 6 levels left

rFire  . . .     SeeInvis .       - Unarmed
rCold  . . .     Gourm    .     d - +0 chain mail
rNeg   . . .     Faith    .     (no shield)
rPois  .         Spirit   .     (no helmet)
rElec  .         Dismiss  .     (no cloak)
rCorr  .         Reflect  .     (no gloves)
SustAt .         Harm     .     a - +0 pair of boots (curse)
MR     .....                    (no amulet)
Stlth  ..........               (no ring)
                                (no ring)

@: lethally poisoned (0 -> -3), not resistant to hostile enchantments, extremely
unstealthy
A: change form in water, swift swim
a: no special abilities


You were on level 5 of the Dungeon.
You were not hungry.

You visited 1 branch of the dungeon, and saw 5 of its levels.

You collected 188 gold pieces.

Inventory:

Armour
 a - a cursed +0 pair of boots (worn)
 d - a +0 chain mail (worn)
Wands
 h - a wand of enslavement (2/24)
Scrolls
 e - 2 scrolls of teleportation
 g - 2 scrolls of magic mapping {unknown}
 i - a scroll of identify {unknown}
 l - a scroll of noise {unknown}
 n - a scroll of enchant weapon {unknown}
Comestibles
 b - 4 bread rations
 f - 3 meat rations


   Skills:
 + Level 5.5 Fighting
 + Level 3.0 Armour
 + Level 5.6 Dodging
 - Level 2.1 Stealth
 + Level 6.9 Unarmed Combat


You had 6 spell levels left.
You didn't know any spells.

Dungeon Overview and Level Annotations

Branches:
Dungeon (5/15)
 Temple: D:4-7

Altars:
Trog

Annotations:
D:4 Blork the orc


Message History

* * * LOW HITPOINT WARNING * * *
You hit the wasp.
The wasp is almost dead.
The wasp stings you.
* * * LOW HITPOINT WARNING * * *
You feel yourself slow down.
You closely miss the wasp.
The wasp is almost dead.
You feel yourself speed up.
Your surroundings suddenly seem different.
* * * LOW HITPOINT WARNING * * *
You feel sick.
Found 18 gold pieces.
* * * LOW HITPOINT WARNING * * *
You feel sick.
There is a lethal amount of poison in your body!
You aren't carrying any potions.
Eat which item? (? for menu, Esc to quit)
You continue eating.
You die...

#.............###.##
#.###########.##.#.###########
####.####### #.#.#.............
...........#####.##...###########
.................###.##
###..#####.#####.)...# #..#
#.##### #..# #.# #..# #@# ...#
#.# #... ... #..# ##.#$ #(.#
#.#.# #.. . ### .# )..o.. #
...... oo####


There were no monsters in sight!

Vanquished Creatures
  Sigmund (D:3)
  Menkaure (D:4)
  A giant frog zombie (D:5)
  A jelly (D:5)
  A hound (D:3)
  4 orc wizards (D:3)
  Jessica (D:2)
  An iguana (D:4)
  Robin (D:2)
  4 gnolls (D:3)
  7 adders
  An ooze (D:2)
  An adder zombie (D:5)
  3 worms
  2 dart slugs (D:1)
  4 giant geckos
  11 orcs
  4 bats
  3 giant cockroaches
  14 goblins
  10 hobgoblins
  2 quokkas (D:2)
  2 ball pythons
  7 giant newts
  A jackal skeleton (D:4)
  3 kobolds
  2 rats (D:3)
93 creatures vanquished.

Notes
Turn   | Place    | Note
--------------------------------------------------------------
     0 | D:1      | grisgris the Merfolk Monk began the quest for the Orb.
     0 | D:1      | Reached XP level 1. HP: 18/18 MP: 1/1
   164 | D:1      | Reached XP level 2. HP: 18/24 MP: 2/2
   810 | D:2      | Noticed Jessica
   819 | D:2      | Killed Jessica
   819 | D:2      | Reached skill level 5 in Unarmed Combat
   819 | D:2      | Reached XP level 3. HP: 29/30 MP: 3/3
   833 | D:2      | Noticed Robin
   866 | D:2      | Killed Robin
   866 | D:2      | Reached XP level 4. HP: 20/37 MP: 4/4
  1319 | D:2      | Reached skill level 1 in Armour
  1377 | D:2      | Found a bloodstained altar of Trog.
  1531 | D:2      | Reached XP level 5. HP: 29/42 MP: 5/5
  2324 | D:3      | Reached skill level 5 in Dodging
  2354 | D:3      | Noticed Sigmund
  2675 | D:3      | Killed Sigmund
  2675 | D:3      | Reached skill level 6 in Unarmed Combat
  2675 | D:3      | Reached XP level 6. HP: 30/50 MP: 6/6
  3030 | D:3      | Reached XP level 7. HP: 37/55 MP: 7/7
  3186 | D:3      | Reached skill level 5 in Fighting
  3736 | D:4      | Noticed Menkaure
  4022 | D:4      | Killed Menkaure
  4281 | D:4      | Noticed Blork the orc
  4294 | D:5      | Entered Level 5 of the Dungeon
  4394 | D:5      | HP: 2/56 [wasp (5)]
  4398 | D:5      | Succumbed to a wasp's poison

Skill      XL: |  1  2  3  4  5  6  7 |
---------------+----------------------+-----
Unarmed Combat | 5 6 |  6.9
Fighting       | 4 5 |  5.5
Armour         | 1 2 3 |  3.0
Dodging        | 5 |  5.6
Stealth        | |  2.1

Action                   |  1- 3 |  4- 6 |  7- 9 || total
-------------------------+-------+-------+-------++-------
Melee: Unarmed           |   106 |   253 |   148 ||   507
       Punch             |     1 |     4 |     3 ||     8
  Use: Potion            |       |       |     2 ||     2
       Scroll            |       |       |     1 ||     1
  Eat: Chunk             |       |     7 |     3 ||    10
       Fruit             |       |       |     2 ||     2
       Royal jelly       |       |       |     1 ||     1
Armor: Chain mail        |    62 |   149 |    84 ||   295
Dodge: Dodged            |    35 |    82 |    84 ||   201
